 Dungeon Crawl Stone Soup version 0.28.0 (webtiles) character file.

Game seed: 8584447394014778082

9734 fiver49 the Destroyer (level 11, -28/82 HPs)
             Began as a Pale Draconian Fire Elementalist on Feb 16, 2022.
             Was a Follower of Vehumet.
             Killed from afar by an oklob plant (32 damage)
             ... with a splash of acid
             ... on level 1 of the Lair of Beasts on Feb 17, 2022.
             The game lasted 00:36:01 (16935 turns).

fiver49 the Destroyer (DrFE)                       Turns: 16935, Time: 00:36:01

Health: -28/82     AC:  6    Str: 10    XL:     11   Next: 26%
Magic:  24/24      EV: 13    Int: 20    God:    Vehumet [*.....]
Gold:   693        SH:  0    Dex: 12    Spells: 11/28 levels left

rFire   . . .      SeeInvis .   A - +1 dagger (elec)
rCold   . . .      Faith    .   (no shield)
rNeg    . . .      Spirit   .   (armour unavailable)
rPois   .          Reflect  .   (helmet restricted)
rElec   .          Harm     .   D - +0 cloak
rCorr   .          Rampage  .   i - +0 pair of gloves
Will    .....                   n - +0 pair of boots
Stlth   ++........              (no amulet)
HPRegen 0.23/turn               (no ring)
MPRegen 0.19/turn               (no ring)

@: corroded
A: breathe steam, AC +7, unfitting armour, cold-blooded, steam resistance
a: Breathe Steam, Renounce Religion


You were on level 1 of the Lair of Beasts.
You worshipped Vehumet.
Vehumet was aware of your devotion.
You visited 3 branches of the dungeon, and saw 14 of its levels.

You collected 693 gold pieces.

Inventory:

Hand Weapons
 A - a +1 dagger of electrocution (weapon)
   (You took it off an orc wizard on level 6 of the Dungeon)
Missiles
 m - 12 poisoned darts (quivered)
 q - 7 curare-tipped darts
Armour
 i - a +0 pair of gloves (worn)
   (You found it on level 2 of the Dungeon)
 n - a +0 pair of boots (worn)
   (You found it on level 4 of the Dungeon)
 D - a +0 cloak (worn)
   (You found it on level 7 of the Dungeon)
Magical Staves
 b - a staff of earth
   (You found it on level 1 of the Dungeon)
 l - a staff of death
   (You found it on level 4 of the Dungeon)
Jewellery
 C - a ring of positive energy
   (You found it on level 7 of the Dungeon)
 H - a +6 ring of intelligence
   (You found it on level 9 of the Dungeon)
Wands
 o - a wand of digging (9)
   (You took it off Grinder on level 5 of the Dungeon)
 v - a wand of mindburst (13)
   (You found it on level 6 of the Dungeon)
 E - a wand of flame (12)
   (You found it on level 7 of the Dungeon)
Scrolls
 c - 3 scrolls of noise
 e - 3 scrolls of fear
 f - 2 scrolls of blinking {unknown}
 g - 4 scrolls of teleportation
 r - 2 scrolls of enchant armour {unknown}
 s - 2 scrolls of vulnerability {unknown}
 u - 2 scrolls of summoning
 x - 2 scrolls of brand weapon {unknown}
 B - 3 scrolls of immolation
 G - 3 scrolls of torment
 I - a scroll of fog {unknown}
Potions
 a - a potion of attraction {unknown}
 h - 2 potions of degeneration {unknown}
 j - 2 potions of lignification
 k - a potion of berserk rage {unknown}
 p - a potion of flight {unknown}
 t - 3 potions of resistance
 z - 2 potions of haste
 F - a potion of ambrosia {unknown}
 J - a potion of mutation {unknown}
 K - 2 potions of curing


   Skills:
 * Level 3.2 Fighting
 * Level 3.5 Dodging
 - Level 2.0 Stealth
 * Level 9.4 Spellcasting
 * Level 10.0 Conjurations
 + Level 9.3 Fire Magic
 + Level 6.2 Air Magic


You had 11 spell levels left.
You knew the following spells:

 Your Spells              Type           Power      Damage    Failure   Level
a - Foxfire               Conj/Fire      100%       2x1d9     1%          1
b - Scorch                Fire           92%        2d10      1%          2
c - Conjure Flame         Conj/Fire      48%        6-21      1%          3
d - Flame Wave            Conj/Fire      48%        2d10      1%          4
e - Swiftness             Air            34%        N/A       1%          3
f - Airstrike             Air            17%        N/A       5%          4

Your spell library contained the following spells:

 Spells                   Type           Power      Damage    Failure   Level
 Sandblast                Erth           18%        2d7       8%          1
 Shock                    Conj/Air       100%       1d9       1%          1
 Corpse Rot               Necr/Air       42%        N/A       3%          2
 Inner Flame              Hex/Fire       28%        N/A       3%          3
 Animate Skeleton         Necr           18%        N/A       8%          1
 Pain                     Necr           36%        1d5       8%          1
 Ensorcelled Hibernation  Hex/Ice        18%        N/A       11%         2
 Passwall                 Tmut/Erth      7%         N/A       11%         2
 Ozocubu's Armour         Ice            9%         N/A       22%         3
 Vampiric Draining        Necr           9%         2d6       22%         3
 Animate Dead             Necr           4%         N/A       58%         4
 Dispel Undead            Necr           9%         3d8       58%         4
 Borgnjor's Vile Clutch   Necr/Erth      4%         N/A       90%         5
 Metabolic Englaciation   Hex/Ice        4%         N/A       90%         5
 Death Channel            Necr           4%         N/A       100%        6
 Simulacrum               Ice/Necr       4%         N/A       100%        6


Dungeon Overview and Level Annotations

Branches:
Dungeon (11/15)            Temple (1/1) D:6            Lair (2/6) D:10
  Swamp: Lair:2-4    Shoals: Lair:2-4     Snake: Lair:2-4    Spider: Lair:2-4
    Orc: D:9-12

Altars:
Ashenzari
Cheibriados
Dithmenos
Elyvilon
Fedhas
Gozag
Hepliaklqana
Kikubaaqudgha
Makhleb
Nemelex Xobeh
Okawaru
Qazlal
Ru
Sif Muna
Trog
Uskayaw
Vehumet
Wu Jian
Xom
Yredelemnul
Zin
The Shining One

Annotations:
D:3 Sigmund
D:5 1 runed translucent door, Sanktem7's ghost, novice MiFi
D:6 1 runed translucent door, Crazy Yiuf
D:11 Sonja
Lair:1 exclusion: 4 oklob plants


Innate Abilities, Weirdness & Mutations

You can breathe blasts of scalding, opaque steam.
Your pale cyan-grey scales are hard. (AC +7)
You cannot fit into any form of body armour.
You are cold-blooded and may be slowed by cold attacks.
You are immune to the effects of steam.


Message History

The oklob plant is severely damaged.
Casting: Foxfire (safe; 1% risk of failure)
Confirm with . or Enter, or press ? or * to list all spells.
You conjure some foxfire!
The foxfire hits the oklob plant but does no damage.
The oklob plant is severely damaged.
The foxfire hits the oklob plant but does no damage.
The oklob plant is severely damaged.
The oklob plant spits acid at you. The splash of acid hits you!!
Casting: Foxfire (safe; 1% risk of failure)
Confirm with . or Enter, or press ? or * to list all spells.
You conjure some foxfire!
The foxfire hits the oklob plant but does no damage.
The oklob plant is severely damaged.
Casting: Foxfire (safe; 1% risk of failure)
Confirm with . or Enter, or press ? or * to list all spells.
You conjure some foxfire!
The foxfire hits the oklob plant but does no damage.
The oklob plant is severely damaged.
Your foxfire dissipates!
Your foxfire dissipates!
The foxfire hits the oklob plant.
The oklob plant is severely damaged.
Casting: Foxfire (safe; 1% risk of failure)
Confirm with . or Enter, or press ? or * to list all spells.
You conjure some foxfire!
The oklob plant spits acid at you. The splash of acid hits you!!
The acid corrodes you!
Your foxfire dissipates!
Casting: Foxfire (safe; 1% risk of failure)
Confirm with . or Enter, or press ? or * to list all spells.
You conjure some foxfire!
The foxfire hits the oklob plant.
The oklob plant is severely damaged.
The oklob plant spits acid at you. The splash of acid hits you!!
* * * LOW HITPOINT WARNING * * *
Your foxfire dissipates! x2
You start resting.
Your foxfire dissipates!
You start resting.
You are no longer corroded.
You start resting.
Magic restored.
You start resting.
HP restored.
Okay, then.
Really walk into a travel-excluded area?
You see here a +0 war axe.
Aiming: Dig
Press: ? - help, Shift-Dir - straight line A rock wall.
The rock shatters into small pieces.
Found a stone staircase leading down.
Unknown command.
Found two stone staircases leading down.
The oklob plant spits acid at you. The splash of acid hits you!!
An oklob plant comes into view.
The oklob plant spits acid at you. The splash of acid misses you.
Marking area around an oklob plant as unsafe for travelling.
There is a stone staircase leading down here.
You climb downwards.
The komodo dragon hisses angrily.
Found a scroll labelled TYAXOA YBRUHADUBA, 20 arrows and 3 boomerangs.
There is a stone staircase leading up here.
Casting: Foxfire (safe; 1% risk of failure)
Confirm with . or Enter, or press ? or * to list all spells.
Okay, then.
This staircase leads to a travel-excluded area!
Enter next level anyway?
The blink frog blinks!
You climb upwards.
Level annotation: exclusion: 4 oklob plants
There is a stone staircase leading down here.
The oklob plant spits acid at you. The splash of acid hits you!!
The acid corrodes you!
You start resting.
You are no longer corroded.
You start resting.
HP restored.
Really walk into a travel-excluded area?
The oklob plant spits acid at you. The splash of acid hits you!
The acid corrodes you!
There is a stone staircase leading down here.
The oklob plant spits acid at you. The splash of acid hits you!!
The oklob plant spits acid at you. The splash of acid hits you!!
* * * LOW HITPOINT WARNING * * *
The oklob plant spits acid at you. The splash of acid hits you!
* * * LOW HITPOINT WARNING * * *
The oklob plant spits acid at you. The splash of acid hits you!!
You die... ## #.# ##.### # PPPPPP

# #≈≈≈≈≈≈ ##
##.≈....≈ #.
##.#......### ##.
##.>.......#.# ##.#
#.#@.......'.## #...
#.#>...?...#..###.##
#.###......#..##..#
##.# ≈....≈#..#..##
#..# ≈≈≈≈≈≈#....##
#..# PPPPPP#....#
#..##########...##
#...)........>..#
##..............#


You could see 4 oklob plants.

Vanquished Creatures
  2 hydras
  3 centaur zombies
  5 cane toads (Lair:1)
  A komodo dragon (Lair:1)
  A troll (D:10)
  A hornet (D:9)
  Grinder (D:5)
  A vampire (D:10)
  Eustachio (D:6)
  3 basilisks (Lair:1)
  5 yaks
  A wraith (D:9)
  A steam dragon (D:5)
  4 vampire mosquitoes (D:10)
  An acid dragon (D:10)
  Edmund (D:6)
  2 water moccasins (D:7)
  An orc warrior (D:6)
  5 ice beasts
  4 black bears
  3 necrophages
  A sky beast (D:8)
  5 centaurs
  A kobold brigand (D:6)
  Blork the orc (D:5)
  4 bullfrogs
  A wyvern skeleton (D:7)
  5 killer bees (D:9)
  2 electric eels (Lair:1)
  A hound (D:7)
  2 jellies
  3 orc priests
  A bullfrog skeleton (D:5)
  A gnoll shaman (D:5)
  2 iguanas
  5 orc wizards
  A howler monkey zombie (D:5)
  17 gnolls
  7 adders
  2 shadow imps
  2 white imps (D:6)
  An ufetubus (D:6)
  A worm (D:2)
  2 dart slugs
  19 orcs
  2 endoplasms
  2 giant cockroaches
  7 goblins
  9 hobgoblins
  4 jackals
  3 quokkas
  10 ball pythons
  A frilled lizard (D:3)
  7 kobolds
  7 rats
186 creatures vanquished.

Vanquished Creatures (others)
  322 foxfires
  2 fungi (Lair:1)
  33 plants
357 creatures vanquished.

Grand Total: 543 creatures vanquished

Notes
Turn   | Place    | Note
-------+----------+-------------------------------------------
     0 | D:1      | fiver49 the Draconian Fire Elementalist began the quest for
                  | the Orb.
     0 | D:1      | Reached XP level 1. HP: 14/14 MP: 3/3
   202 | D:1      | Found a faded altar of an unknown god.
   446 | D:1      | Reached skill level 2 in Dodging
   446 | D:1      | Reached skill level 2 in Stealth
   446 | D:1      | Reached XP level 2. HP: 19/20 MP: 0/5
   577 | D:1      | Learned a level 2 spell: Scorch
  1483 | D:2      | Reached XP level 3. HP: 22/26 MP: 0/6
  1792 | D:2      | Reached skill level 2 in Conjurations
  2333 | D:3      | Reached XP level 4. HP: 33/33 MP: 0/8
  2872 | D:3      | Reached skill level 3 in Spellcasting
  3151 | D:3      | Noticed Sigmund
  3614 | D:4      | Reached skill level 4 in Fire Magic
  3614 | D:4      | Reached XP level 5. HP: 27/38 MP: 0/9
  3851 | D:4      | Reached skill level 3 in Conjurations
  4691 | D:5      | Entered Level 5 of the Dungeon
  4806 | D:5      | Noticed an ice beast
  5011 | D:5      | Reached XP level 6. HP: 45/45 MP: 0/11
  5205 | D:5      | Found a basalt altar of Yredelemnul.
  5212 | D:5      | Noticed Blork the orc
  5218 | D:5      | Killed Blork the orc
  5333 | D:5      | Reached skill level 4 in Spellcasting
  5443 | D:5      | Noticed a steam dragon
  5452 | D:5      | Killed a steam dragon
  5453 | D:5      | Reached skill level 4 in Conjurations
  5453 | D:5      | Reached skill level 5 in Fire Magic
  5453 | D:5      | Your scales start taking on a pale cyan-grey colour.
  5453 | D:5      | Reached XP level 7. HP: 27/50 MP: 3/13
  5453 | D:5      | Gained mutation: You are immune to the effects of steam.
                  | [Pale Draconian growth]
  5715 | D:5      | Noticed Grinder
  5722 | D:5      | Killed Grinder
  5723 | D:5      | Reached skill level 6 in Fire Magic
  5931 | D:5      | Reached skill level 5 in Spellcasting
  5931 | D:5      | Reached skill level 5 in Conjurations
  6174 | D:5      | Learned a level 3 spell: Conjure Flame
  6181 | D:5      | Reached XP level 8. HP: 57/57 MP: 6/15
  6308 | D:5      | Found a runed translucent door.
  6308 | D:5      | Noticed Sanktem7's ghost (novice MiFi)
  6398 | D:6      | Found a staircase to the Ecumenical Temple.
  6427 | Temple   | Entered the Ecumenical Temple
  6587 | Temple   | Became a worshipper of Vehumet
  7046 | D:6      | HP: 14/57 [kobold brigand (6)]
  7424 | D:6      | Reached skill level 1 in Air Magic
  7509 | D:6      | Reached skill level 6 in Conjurations
  7509 | D:6      | Reached skill level 7 in Fire Magic
  7912 | D:6      | Noticed Eustachio
  7921 | D:6      | Killed Eustachio
  7922 | D:6      | Reached skill level 6 in Spellcasting
  7922 | D:6      | Reached skill level 2 in Air Magic
  8012 | D:6      | Learned a level 4 spell: Flame Wave
  8049 | D:6      | HP: 13/57 [orc priest/divine providence (12)]
  8448 | D:6      | Noticed Edmund
  8457 | D:6      | Killed Edmund
  8683 | D:6      | Found a runed translucent door.
  8684 | D:6      | Noticed Crazy Yiuf
  9248 | D:7      | Found an ornate altar of the Wu Jian Council.
  9263 | D:7      | Reached XP level 9. HP: 59/62 MP: 11/18
  9267 | D:7      | Reached skill level 3 in Air Magic
  9372 | D:7      | Reached skill level 7 in Conjurations
  9916 | D:7      | Reached skill level 7 in Spellcasting
 10024 | D:7      | Learned a level 3 spell: Swiftness
 10204 | D:8      | Identified the +9 falchion "Rumoefu" {speed, rN+ Str-3
                  | Dex+5}
 10440 | D:8      | Reached skill level 8 in Fire Magic
 10440 | D:8      | Reached skill level 4 in Air Magic
 10541 | D:8      | Reached skill level 8 in Conjurations
 10828 | D:8      | Found a broken altar of Ashenzari.
 10828 | D:8      | Found a sacrificial altar of Ru.
 10902 | D:9      | HP: 14/62 [poisoned by a hornet]
 10902 | D:9      | HP: 5/62 [wraith (9)]
 10908 | D:9      | HP: 3/62 [orc wizard/magic dart (8)]
 11406 | D:9      | Reached XP level 10. HP: 69/69 MP: 16/21
 11437 | D:9      | Reached * piety under Vehumet
 11437 | D:9      | Offered knowledge of Sandblast by Vehumet.
 11577 | D:9      | Found a shadowy altar of Dithmenos.
 11685 | D:9      | Reached skill level 8 in Spellcasting
 11842 | D:9      | Found a white marble altar of Elyvilon.
 11936 | D:9      | Found a stormy altar of Qazlal.
 11987 | D:9      | Found a bloodstained altar of Trog.
 11999 | D:9      | Learned a level 4 spell: Airstrike
 12016 | D:10     | Entered Level 10 of the Dungeon
 12035 | D:10     | Found a staircase to the Lair.
 12186 | D:10     | Reached skill level 5 in Air Magic
 12192 | D:10     | HP: 10/69 [vampire mosquito (10)]
 12609 | D:10     | Noticed a seven-headed hydra
 12617 | D:10     | Killed a seven-headed hydra
 12618 | D:10     | Reached skill level 9 in Conjurations
 13455 | D:11     | Noticed Sonja
 13463 | D:11     | Noticed a manticore
 13478 | D:10     | HP: 8/68 [vampire/vampiric draining (13)]
 13868 | D:11     | Reached skill level 9 in Fire Magic
 13976 | Lair:1   | Entered Level 1 of the Lair of Beasts
 13991 | Lair:1   | Reached skill level 9 in Spellcasting
 13993 | Lair:1   | Reached skill level 1 in Fighting
 14267 | Lair:1   | Noticed a cane toad
 14273 | Lair:1   | Killed a cane toad
 14300 | Lair:1   | Noticed a cane toad
 14487 | Lair:1   | Killed a cane toad
 14488 | Lair:1   | Reached skill level 2 in Fighting
 14488 | Lair:1   | Reached skill level 6 in Air Magic
 14488 | Lair:1   | Reached XP level 11. HP: 79/79 MP: 12/24
 14715 | Lair:1   | Noticed an eight-headed hydra
 14728 | Lair:1   | Killed an eight-headed hydra
 14729 | Lair:1   | Reached skill level 3 in Dodging
 15045 | Lair:1   | Noticed an oklob plant
 15045 | Lair:1   | Noticed an oklob plant
 15397 | Lair:1   | Reached skill level 3 in Fighting
 15397 | Lair:1   | Reached skill level 10 in Conjurations
 16091 | Lair:1   | Noticed an oklob plant
 16704 | Lair:1   | Noticed an oklob plant
 16935 | Lair:1   | HP: 17/82 [oklob plant/splash of acid (27)]
 16935 | Lair:1   | HP: 4/82 [oklob plant/splash of acid (13)]
 16935 | Lair:1   | Killed from afar by an oklob plant

Illustrated notes

Levels and vault maps discovered:
D:1:      amcnicky_arrival_double_pillar, layout_basic,
          dreamdust_ecumenical_altar_statues
D:2:      layout_loops_cross
D:3:      layout_rooms, hangedman_decor_points, hangedman_feature_mirror,
          corexii_shack, uniq_sigmund
D:4:      layout_loops_corners, serial_bayou, serial_bayou_pond_c,
          serial_bayou_crossing, serial_bayou_pond_a, serial_bayou_pond_e,
          nicolae_elevator_lobby_plus
D:5:      layout_rooms, mainiacjoe_overflow_catwalk, gammafunk_ghost_grave,
          uniq_blork_the_orc, uniq_grinder
D:6:      layout_basic, minmay_temple_entry_offerings, serial_rivers,
          chequers_serial_rivers_room_a, chequers_serial_rivers_small_b,
          chequers_serial_rivers_micro_e, chequers_serial_rivers_room_b,
          chequers_serial_rivers_small_3, chequers_serial_rivers_micro_d,
          grunt_decor_junction, uniq_crazy_yiuf_cottage, uniq_eustachio,
          uniq_edmund
D:7:      layout_loops_ring, nicolae_wu_jian_wuxing_cycle
D:8:      layout_cave_pools, gammafunk_temple_overflow_pools, serial_rivers,
          chequers_serial_rivers_small_a, chequers_serial_rivers_micro_d,
          chequers_serial_rivers_room_b, chequers_serial_rivers_large_b
D:9:      layout_rooms, nicolae_dithmenos_the_darkroom,
          nicolae_overflow_crystal_walls, lemuel_doored_altar,
          trog_ov_bears_minmay
D:10:     layout_irregular_city, dpeg_oklobed_lair, lemuel_flame_loot_1
D:11:     layout_loops_cross, uniq_sonja
Temple:   eino_narrow_crystal_temple
Lair:1:   dpeg_oklob_gauntlet, layout_cave_pods, serial_bayou_ford_a,
          serial_bayou_shore_a, serial_bayou_shore_b, serial_bayou_shore_b
Lair:2:   nzn_winding_woodlands_medium [nzn_winding_woodlands_5x5_default,
          nzn_winding_woodlands_5x15_parted,
          nzn_winding_woodlands_5x5_closed_star,
          nzn_winding_woodlands_5x5_cross,
          nzn_winding_woodlands_center_pierced_h,
          nzn_winding_woodlands_5x5_three,
          nzn_winding_woodlands_5x5_checkerboard,
          nzn_winding_woodlands_5x15_river_crossing,
          nzn_winding_woodlands_5x5_perimeter], layout_chaotic_city,
          elwin_shoals_entry_rooms, minmay_stone_trees_small, uniq_nergalle

Skill      XL: |  1  2  3  4  5  6  7  8  9 10 11 |
---------------+----------------------------------+-----
Dodging        | 2 3 |  3.5
Stealth        | 2 |  2.0
Conjurations   | 2 3 4 5 6 8 9 10 | 10.0
Spellcasting   | 3 4 5 6 7 9 |  9.4
Fire Magic     | 4 5 6 7 8 9 |  9.3
Air Magic      | 2 4 6 |  6.2
Fighting       | 2 3 |  3.2

Action                   |  1- 3 |  4- 6 |  7- 9 | 10-12 || total
-------------------------+-------+-------+-------+-------++-------
Melee: Staff             |    10 |    14 |     7 |       ||    31
       Unarmed           |     3 |       |       |       ||     3
       Tailslap          |     2 |     3 |       |     1 ||     6
       Dagger            |       |       |       |     5 ||     5
 Cast: Foxfire           |    21 |    26 |    71 |    66 ||   184
       Scorch            |    30 |    64 |   122 |    46 ||   262
       Flame Wave        |       |       |     3 |    13 ||    16
       Conjure Flame     |       |       |     2 |     1 ||     3
       Airstrike         |       |       |       |    22 ||    22
 Abil: Breathe Steam     |       |       |     2 |     1 ||     3
Evoke: Wand              |       |       |       |     1 ||     1
  Use: Scroll            |       |       |     8 |     3 ||    11
       Potion            |       |       |     3 |       ||     3
Armor: Skin              |    10 |    13 |    35 |    29 ||    87
Dodge: Dodged            |    18 |    25 |    53 |    39 ||   135

Table legend: (Time is in decaauts)
 A = Elapsed time spent in this place.
 B = Non-inter-level travel time spent in this place.
 C = Inter-level travel time spent in this place.
 D = Time resting spent in this place.
 E = Time spent auto-exploring this place.
 F = Levels seen in this place.
 G = Mean time per level.
                   A        B        C        D        E       F      G
               +--------+--------+--------+--------+--------+-----+--------+
         Total |  17045 |  16437 |    608 |   2418 |  11995 |  14 | 1217.5 |
       Dungeon |  13893 |  13383 |    510 |   1250 |  10493 |  11 | 1263.0 |
        Temple |    175 |    141 |     34 |      0 |    133 |   1 |  175.0 |
          Lair |   2976 |   2912 |     64 |   1168 |   1368 |   2 | 1488.0 |
               +--------+--------+--------+--------+--------+-----+--------+

Top non-repeatable levels by time:
  Lair:1: 2974 daAuts
     D:6: 2430 daAuts
    D:10: 1850 daAuts
     D:4: 1496 daAuts
     D:2: 1463 daAuts
     D:5: 1294 daAuts
     D:1: 1208 daAuts
     D:7: 1188 daAuts
     D:8: 1077 daAuts
     D:3: 899 daAuts
     D:9: 875 daAuts
  Temple: 175 daAuts
    D:11: 110 daAuts
  Lair:2: 1 daAuts

Table legend:
 A = Kills in this place as a percentage of kills in entire the game.
 B = Kills by you in this place as a percentage of kills by you in the entire game.
 C = Kills by friends in this place as a percentage of kills by friends in the entire game.
 D = Other kills in this place as a percentage of other kills in the entire game.
 E = Experience gained in this place as a percentage of experience gained in the entire game.
 F = Experience gained in this place divided by the number of levels of this place that you have seen.
                   A       B       C       D       E      F
               +-------+-------+-------+-------+-------+----------------------
         Total | 100.0 | 100.0 |   N/A |   N/A | 100.0 | 993.4
       Dungeon |  90.3 |  90.3 |   N/A |   N/A |  65.0 | 822.3
          Lair |   9.7 |   9.7 |   N/A |   N/A |  35.0 | 2431.0
               +-------+-------+-------+-------+-------+----------------------
